 Dungeon Crawl Stone Soup version 0.32-a0-675-gdc239d62e1 (webtiles) character file.

Game seed: 3436795914048601094

291 ytrimaz the Ruffian (level 6, 0/38 HPs)
             Began as an Octopode Shapeshifter on Mar 12, 2024.
             Slain by an ogre
             ... wielding a +0 giant club
              (38 damage)
             ... on level 4 of the Dungeon.
             The game lasted 00:02:24 (3177 turns).

ytrimaz the Ruffian (Octopode Shapeshifter)         Turns: 3177, Time: 00:02:25

Health: 0/38       AC:  1    Str: 13    XL:     6   Next: 32%
Magic:  6/6        EV: 18    Int: 14    God:
Gold:   230        SH:  5    Dex: 12    Spells: 5/5 levels left

rFire   . .          .
                       - Unarmed
rCold   . . .        (no shield)
rNeg    . . .        (helmet currently unavailable)
rPois   .            f - amulet of reflection
rElec   .            n - +5 ring of evasion
rCorr   .            (no ring)
SInv    .            (no ring)
Will    .....        (no ring)
Stlth   ++           (no ring)
HPRegen 0.26/turn    (no ring)
MPRegen 0.10/turn    (no ring)
                     (no ring)

%: reflection
@: beast-form
A: beast (slay +1), almost no armour, amphibious, 8 rings, camouflage 1,
gelatinous body 1, (nimble swimmer 1), tentacles
a: Begin Untransformation


You were on level 4 of the Dungeon.
You were a hulking beast.
You visited 1 branch of the dungeon, and saw 4 of its levels.

You collected 230 gold pieces.


Innate Abilities, Weirdness & Mutations

You are a hulking beast.
Your limbs bulge with bestial killing power. (Slay +1)
You cannot wear most types of armour.
You are amphibious.
You can wear up to eight rings at the same time.
Your skin changes colour to match your surroundings (Stealth+).
Your rubbery body absorbs attacks. (AC +1, EV +1)
((You are camouflaged when in or above water. (Stealth+)))
You have tentacles for arms and can constrict up to eight enemies at once.


   Skills:
 - Level 1.0 Fighting
 - Level 2.0 Dodging
 + Level 6.9 Unarmed Combat
 - Level 3.0 Shapeshifting


You had 5 spell levels left.
You didn't know any spells.
Your spell library contained the following spells:

 Spells                   Type           Power      Damage    Failure   Level
 Kiss of Death            Conj/Necr      0%         2d5       28%         1
 Sting                    Conj/Alch      0%         1d3       28%         1
 Mercury Vapours          Alch/Air       0%         N/A       41%         2
 Call Canine Familiar     Summ           0%         N/A       65%         3
 Confusing Touch          Hex            0%         N/A       65%         3
 Ozocubu's Armour         Ice            0%         N/A       65%         3
 Sigil of Binding         Hex            0%         N/A       65%         3
 Dimensional Bullseye     Hex/Tloc       0%         N/A       96%         4
 Dispel Undead            Necr           0%         3d6       96%         4
 Olgreb's Toxic Radiance  Alch           0%         N/A       96%         4
 Metabolic Englaciation   Hex/Ice        0%         N/A       100%        5
 Sculpt Simulacrum        Ice/Alch       0%         N/A       100%        6

Inventory:

Missiles
 d - a throwing net (quivered)
Jewellery
 f - an amulet of reflection (around mantle)
   (You found it on level 1 of the Dungeon)
 n - a +5 ring of evasion (left tentacle)
   (You found it on level 4 of the Dungeon)
Talismans
 b - a beast talisman (active)
 c - a flux talisman
Scrolls
 a - a scroll of teleportation
 h - a scroll of poison
 i - 2 scrolls of enchant armour
 j - a scroll of identify
Potions
 e - a potion of curing
 g - a potion of might
 k - a potion of magic {unknown}
 l - 2 potions of invisibility {unknown}
 m - a potion of heal wounds {unknown}

Dungeon Overview and Level Annotations

Branches:
Dungeon (4/15) Zot: 20832
 Temple: D:4-7

Altars:
Ashenzari
Elyvilon

Shops:
D:4 (

Annotations:
D:3 3 runed translucent doors, Implojin's ghost, weakling CoDe

#. ##...#
#.#######
##.##
#.......####.#
#######......#
#.###.######
#.....#
#.#####
#########.#
#.....Oh..#
#.####.#### #.
#. ##


You could see an ogre.


Message History

You grab the quokka. You squeeze the quokka.
You kill the quokka!
Unknown command.
No target in view!
You now have 218 gold pieces (gained 14).
You pick up a Young Poisoner's Handbook and begin reading...
You add the spells Sting, Mercury Vapours and Olgreb's Toxic Radiance to your library.
Found a stone staircase leading down.
m - a viscous emerald potion Key pressed, stopping explore.
No target in view!
Key pressed, stopping explore.
No target in view!
Key pressed, stopping explore.
No target in view!
An iguana comes into view.
An iguana is nearby!
An iguana is nearby!
The iguana hisses angrily.
You bludgeon the iguana! Your grab misses the iguana.
The iguana completely misses you.
You tentacle-slap the iguana. You grab the iguana.
You tentacle-slap the iguana, but do no damage.
You constrict the iguana.
You kill the iguana!
You have reached level 6! 😎 HP[+5] MP[+1]
You now have 38 max hp (+5).
Your hp is fully restored (38).
Your mp is fully restored (6).
You see here an iguana corpse.
No target in view!
n - a +5 ring of evasion You now have 230 gold pieces (gained 12).
A scorpion comes into view.
n - a +5 ring of evasion (left tentacle)
A scorpion is nearby!
A scorpion is nearby!
You tentacle-slap the scorpion. Your grab misses the scorpion.
Your squeeze misses the scorpion. The scorpion completely misses you.
You barely miss the scorpion. You grab the scorpion. You squeeze the scorpion.
You constrict the scorpion. The scorpion closely misses you. x2
You bludgeon the scorpion! You squeeze the scorpion.
You kill the scorpion!
Unknown command.
No target in view!
A quokka comes into view.
A quokka is nearby!
Found a stone staircase leading down.
A quokka is nearby!
Unknown command.
Unknown command.
The helpless quokka fails to defend itself.
You tentacle-slap the quokka. Your grab misses the quokka.
The quokka closely misses you.
You closely miss the quokka. You grab the quokka.
You tentacle-slap the quokka, but do no damage.
You constrict the quokka. The quokka bites you. The quokka misses you.
You tentacle-slap the quokka.
You kill the quokka! 😕 HP[-2]
You take 2 damage, and now have 36/38 hp.
Unknown command.
You see here a quokka corpse.
You see here a +0 leather armour.
You see here a +0 leather armour.
You see here a quokka corpse.
Found a stone staircase leading up. 😎 HP[+2]
Your hp is fully restored (38).
Unknown command. 2 endoplasms come into view.
There are monsters nearby!
There are monsters nearby!
Unknown command.
The helpless endoplasm fails to defend itself.
You bludgeon the endoplasm!
You kill the endoplasm!
Unknown command.
There is a stone staircase leading up here.
The endoplasm quivers.
The endoplasm freezes you.
You are frozen. 😕 HP[-2]
You take 2 damage, and now have 36/38 hp.
Unknown command.
You tentacle-slap the endoplasm. The endoplasm closely misses you.
You bludgeon the endoplasm!
You kill the endoplasm!
Key pressed, stopping explore. 😎 HP[+2]
Your hp is fully restored (38).
An ogre comes into view. It is wielding a +0 giant club.
Unknown command.
An ogre is nearby!
Unknown command.
The ogre shouts!
You tentacle-slap the ogre.
The ogre hits you with a +0 giant club!!!
Ouch! That really hurt!
You die...

Skill      XL: |  1  2  3  4  5 |
---------------+----------------+-----
Unarmed Combat | 4 5 6 |  6.9
Fighting       | |  1.0
Dodging        | |  2.0
Shapeshifting  | |  3.0

Action                     |  1- 3 |  4- 6 || total
---------------------------+-------+-------++-------
  Melee: Unarmed           |    76 |    31 ||   107
         Constrict         |    18 |     9 ||    27
         Tentacles         |    17 |     3 ||    20
         Punch             |     2 |     3 ||     5
    Use: Scroll            |     7 |     1 ||     8
         Potion            |     1 |       ||     1
   Stab: Sleeping          |     6 |     6 ||    12
         Distracted        |     1 |       ||     1
 Armour: Skin              |    31 |    11 ||    42
  Dodge: Dodged            |    22 |     9 ||    31
  Block: Other             |    10 |     2 ||    12

Levels and vault maps discovered:
D:1:      heliophobic_arrival_ceremonial_halls, layout_loops_ring,
          hellmonk_ecumenical_altar_pennies_from_heaven, minmay_crystal_room,
          st_stairs_10
D:2:      layout_basic, basic_altar
D:3:      layout_basic, elyvilon_altar_5, gammafunk_ghost_split,
          serial_aquarium, aquarium_bridge_square [aquarium_subvault_bridge,
          aquarium_subvault_bridge, aquarium_subvault_bridge,
          aquarium_subvault_balcony], aquarium_window_fake,
          aquarium_window_fake, aquarium_window_1, aquarium_view_2c,
          aquarium_view_2b, aquarium_balcony_5b, aquarium_pool_1
D:4:      layout_loops_ring, nicolae_ru_great_annihilating_truth,
          serial_co_window_serial, co_window_corner_a, co_window_paths_b,
          co_window_corner_a, co_window_paths_b, co_window_paths_b,
          co_window_2corner, co_window_unsneaky_path_a,
          co_window_unsneaky_path_d, glass_columns_b, glass_columns_b,
          glass_columns_a, serial_shops, shop, grunt_ministairs_1

Notes
Turn   | Place    | Note
-------+----------+-------------------------------------------
     0 | D:1      | ytrimaz the Octopode Shapeshifter began the quest for the
                  | Orb.
     0 | D:1      | Reached XP level 1. HP: 13/13 MP: 1/1
     0 | D:1      | magus.rc [v1.9.6]
    90 | D:1      | You pick up a book of Touch and begin reading...
    90 | D:1      | You add the spells Kiss of Death, Confusing Touch and
                  | Dispel Undead to your library.
   137 | D:1      | Reached XP level 2. HP: 13/18 MP: 2/2
   343 | D:1      | Found a faded altar of an unknown god.
   354 | D:1      | You fall into a shaft and drop 1 floor!
   442 | D:1      | Reached skill level 4 in Unarmed Combat
   479 | D:1      | Reached XP level 3. HP: 23/23 MP: 3/3
  1592 | D:2      | Found a broken altar of Ashenzari.
  1774 | D:3      | Noticed a sky beast
  1791 | D:3      | Killed a sky beast
  1792 | D:3      | Reached skill level 5 in Unarmed Combat
  1792 | D:3      | Reached XP level 4. HP: 28/28 MP: 4/4
  1792 | D:3      | Reached XP level 5. HP: 33/33 MP: 5/5
  2201 | D:3      | You pick up a book of the Hunter and begin reading...
  2201 | D:3      | You add the spells Sigil of Binding, Call Canine Familiar
                  | and Dimensional Bullseye to your library.
  2204 | D:3      | Found a white marble altar of Elyvilon.
  2237 | D:3      | Reached skill level 6 in Unarmed Combat
  2391 | D:3      | Found a runed translucent gate.
  2392 | D:3      | Found a runed translucent gate.
  2393 | D:3      | Found a runed translucent gate.
  2393 | D:3      | Noticed Implojin's ghost (weakling CoDe)
  2541 | D:3      | You pick up a book of Winter and begin reading...
  2541 | D:3      | You add the spells Ozocubu's Armour, Metabolic Englaciation
                  | and Sculpt Simulacrum to your library.
  2870 | D:4      | Found Jutoasos's Weapon Shoppe.
  2959 | D:4      | You add the spells Sting, Mercury Vapours and Olgreb's
                  | Toxic Radiance to your library.
  2996 | D:4      | Reached XP level 6. HP: 38/38 MP: 6/6
  3177 | D:4      | Slain by an ogre

Vanquished Creatures
  A sky beast (D:3)
  A scorpion (D:4)
  A bombardier beetle (D:3)
  An iguana (D:4)
  2 dart slugs (D:3)
  3 ribbon worms (D:2)
  An orc (D:3)
  8 ball pythons
  9 endoplasms
  3 giant cockroaches
  3 goblins
  4 hobgoblins
  2 jackals (D:1)
  6 quokkas
  A bat (D:1)
  3 frilled lizards
  7 kobolds
  9 rats
65 creatures vanquished.

Table legend:
 A = Non-vault XP
 B = Vault XP
 C = Vault XP percentage of total XP
 D = Non-vault monster count
 E = Vault monster count
 F = Vault count percentage of total count
                 A         B        C        D         E       F
            +---------+---------+-------+---------+---------+-------
      Total |     411 |       6 |   1.4 |      61 |       4 |   6.2
            +---------+---------+-------+---------+---------+-------
        D:1 |      36 |       2 |   5.3 |      23 |       2 |   8.0
        D:2 |      34 |       0 |   0.0 |      19 |       0 |   0.0
        D:3 |     209 |       0 |   0.0 |      15 |       0 |   0.0
        D:4 |     132 |       4 |   2.9 |       4 |       2 |  33.3
            +---------+---------+-------+---------+---------+-------

Skill      XL: |  1  2  3  4  5 |
---------------+----------------+-----
Unarmed Combat | 4 5 6 |  6.9
Fighting       | |  1.0
Dodging        | |  2.0
Shapeshifting  | |  3.0

Action                     |  1- 3 |  4- 6 || total
---------------------------+-------+-------++-------
  Melee: Unarmed           |    76 |    31 ||   107
         Constrict         |    18 |     9 ||    27
         Tentacles         |    17 |     3 ||    20
         Punch             |     2 |     3 ||     5
    Use: Scroll            |     7 |     1 ||     8
         Potion            |     1 |       ||     1
   Stab: Sleeping          |     6 |     6 ||    12
         Distracted        |     1 |       ||     1
 Armour: Skin              |    31 |    11 ||    42
  Dodge: Dodged            |    22 |     9 ||    31
  Block: Other             |    10 |     2 ||    12

Illustrated notes

Table legend:
 A = Kills in this place as a percentage of kills in the entire game.
 B = Kills by you in this place as a percentage of kills by you in the entire game.
 C = Kills by friends in this place as a percentage of kills by friends in the entire game.
 D = Other kills in this place as a percentage of other kills in the entire game.
 E = Experience gained in this place as a percentage of experience gained in the entire game.
 F = Experience gained in this place divided by the number of levels of this place that you have seen.
                   A       B       C       D       E      F
               +-------+-------+-------+-------+-------+----------------------
         Total | 100.0 | 100.0 |   N/A |   N/A | 100.0 | 104.2
       Dungeon | 100.0 | 100.0 |   N/A |   N/A | 100.0 | 104.2
               +-------+-------+-------+-------+-------+----------------------

Table legend: (Time is in decaauts)
 A = Elapsed time spent in this place.
 B = Non-inter-level travel time spent in this place.
 C = Inter-level travel time spent in this place.
 D = Time resting spent in this place.
 E = Time spent auto-exploring this place.
 F = Levels seen in this place.
 G = Mean time per level.
                   A        B        C        D        E       F      G
               +--------+--------+--------+--------+--------+-----+--------+
         Total |   3166 |   3081 |     85 |      0 |   2578 |   4 |  791.5 |
       Dungeon |   3166 |   3081 |     85 |      0 |   2578 |   4 |  791.5 |
               +--------+--------+--------+--------+--------+-----+--------+

Top non-repeatable levels by time:
     D:3: 1106 daAuts
     D:2: 930 daAuts
     D:1: 824 daAuts
     D:4: 305 daAuts
